 Dungeon Crawl Stone Soup version 0.18.1-8-gdd0e5ea (webtiles) character file.

44040 beastlywrath the Grappler (level 13, 140/140 HPs)
             Began as a Troll Fighter on May 27, 2016.
             Was the Champion of Qazlal.
             Drowned
             ... in an ice cave.
             The game lasted 01:23:30 (14197 turns).

beastlywrath the Grappler (Troll Fighter)          Turns: 14197, Time: 01:23:30

Health: 140/140    AC: 12    Str: 28      XL:     13   Next: 94%
Magic:  13/13      EV: 16    Int:  7 (8)  God:    Qazlal [******]
Gold:   698        SH: 26    Dex: 12      Spells: 0 memorised, 12 levels left

rFire  . . .     SeeInvis .       - Unarmed
rCold  . . .     Gourm    +     a - +1 robe
rNeg   . . .     Faith    .     q - +0 large shield
rPois  .         Spirit   .     (helmet restricted)
rElec  .         Dismiss  +     n - +2 cloak
rCorr  .         Reflect  .     (gloves unavailable)
SustAt .         Harm     .     (boots unavailable)
MR     .....     Clarity  +     G - amulet of dismissal
Stlth  +.........               u - +2 ring of evasion
                                k - ring of flight

@: repel missiles, not resistant to hostile enchantments, very unstealthy
A: unfitting armour, claws 3, hooves 1, repulsion field 1, slimy green scales 2,
clarity, clever 2, deterioration 1, fast metabolism 3, gourmand, regeneration 2,
shaggy fur 1, tough skin 2
a: Upheaval, Elemental Force, Disaster Area, Renounce Religion, Evoke Flight


You were in an ice cave.
You worshipped Qazlal.
Qazlal was exalted by your worship.
You were very full.

You visited 1 branch of the dungeon, and saw 14 of its levels.
You visited 1 bazaar.
You also visited: Labyrinth and Ice Cave.

You collected 852 gold pieces.
You spent 154 gold pieces at shops.

Inventory:

Armour
 a - a +1 robe (worn)
 b - a +0 animal skin of cold resistance
 c - a +0 large shield of cold resistance
 n - a +2 cloak (worn)
 q - a +0 large shield (worn)
Jewellery
 k - a ring of flight (left claw)
 u - a +2 ring of evasion (right claw)
 G - an amulet of dismissal (around neck)
 Q - an uncursed ring of protection from fire
 U - an uncursed ring of protection from fire
 X - an uncursed ring of stealth {unknown}
Wands
 r - a wand of slowing (48/48)
 A - a wand of enslavement (10/24)
 C - a wand of flame (29/48)
 K - a wand of iceblast (10/15)
 M - a wand of paralysis (7/24)
Scrolls
 j - a scroll of immolation
 l - 2 scrolls of enchant weapon
 m - 8 scrolls of remove curse
 p - 2 scrolls of amnesia
 t - a scroll of magic mapping
 x - 3 scrolls of recharging
 y - 4 scrolls of identify
 F - a scroll of fear
 V - a scroll of vulnerability
Potions
 h - 4 potions of curing
 s - a potion of magic
 H - 3 potions of flight
 J - a potion of cancellation
 L - a potion of resistance
 Y - a potion of beneficial mutation
 Z - a potion of might
Miscellaneous
 T - a disc of storms
 W - a phantom mirror
Comestibles
 d - 11 bread rations
 f - 10 chunks of flesh
 g - 8 beef jerkies
 i - 5 meat rations
 v - 3 fruits
 w - 2 slices of pizza
 z - 7 royal jellies


   Skills:
 * Level 12.0 Fighting
 + Level 8.7 Dodging
 + Level 9.0 Shields
 * Level 13.8 Unarmed Combat
 + Level 2.3 Evocations


You had 12 spell levels left.
You didn't know any spells.

Dungeon Overview and Level Annotations

Branches:
Dungeon (14/15)            Temple (0/1) D:6            Lair (0/8) D:8
    Orc (0/2) D:11         Vaults (0/5) D:13

Altars:
Elyvilon
Fedhas
Kikubaaqudgha
Makhleb
Okawaru
Pakellas
Qazlal
Ru
Sif Muna
Xom
Yredelemnul
The Shining One
Beogh

Shops:
D:5 !

Annotations:
IceCv exclusion: ice statue


Innate Abilities, Weirdness & Mutations

You are too large for most types of armour.
You have claws for hands.
Your metabolism is lightning-fast.
You like to eat raw meat.
You heal very quickly.
You are covered in fur (AC +1).
You have very tough skin (AC +2).
You have large cloven feet.
You are surrounded by a mild repulsion field (EV +2).
You are mostly covered in slimy green scales (AC +3).
You possess an exceptional clarity of mind.
Your mind is very acute. (Int +4)
Your body sometimes deteriorates upon taking damage.


Message History

You drop Fomozxam's Almanac of Battle Magic and Envenoming.
Things that are here:
an uncursed ring of teleportation; an animal skin of cold resistance
b - an animal skin of cold resistance You see here a battleaxe of freezing.
You see here a large shield of cold resistance.
c - a large shield of cold resistance Some of the chunks of flesh in your inventory have rotted away.
Some of the chunks of flesh in your inventory have rotted away.
Partly explored, can't reach some places.
Partly explored, can't reach some places.
You're too full to eat anything.
You feel very buoyant.
You fly up into the air.
Some of the chunks of flesh in your inventory have rotted away.
Careful!
You are starting to lose your buoyancy.
You float gracefully downwards.
You fall into the water!
You sink like a stone!
You drown...
You die...

### ######## ..#### ####......##
#†)..####.....#.§..####
###...#....#######....####
#####....### ########....### .##
###### ###≈≈≈# ###....### ..##
#####≈≈≈≈§########..÷÷### ...#
##≈≈≈≈§§§≈≈≈≈≈≈######....#
..#####≈≈≈≈≈≈≈≈≈@≈≈≈≈≈≈≈ ###..#
####≈≈≈≈##≈≈§≈§≈§≈≈≈≈≈######..##
#≈≈≈≈#########≈≈≈≈≈≈#####....##
≈≈≈≈## ##≈≈≈####......## ≈≈≈##
#≈####...#.#### ≈###
#####..##### ## ###..## #
##8...### ### #.......###


There were no monsters in sight!

Vanquished Creatures
  Kirke (D:12)
  A frost giant (IceCv)
  The ghost of kqf521 the Cleaver, a journeyman HOFi of Makhleb (D:13)
  An ettin (D:13)
  Snorg (D:11)
  Erolcha (D:12)
  2 centaur warriors
  A tengu warrior (D:13)
  Urug (D:12)
  The ghost of babuloseo the Covert, a novice GrFi of Dithmenos (D:10)
  5 skeletal warriors (D:14)
  A hill giant (shapeshifter) (D:13)
  An unseen horror (shapeshifter) (D:13)
  3 hill giants
  A wizard (D:14)
  3 ugly things
  4 cyclopes
  A manticore (D:14)
  3 deep elf magi
  2 centaur zombies
  2 centaur skeletons
  2 freezing wraiths (D:14)
  An efreet (D:14)
  A queen bee (D:9)
  A tengu conjurer (D:13)
  3 trolls
  A minotaur zombie (Lab)
  14 polar bears (IceCv)
  A two-headed ogre (D:13)
  4 slime creatures (D:12)
  A shadow (D:12)
  30 yaks
  A water elemental (D:11)
  6 hogs (D:12)
  2 wraiths
  4 wyverns
  2 humans (D:12)
  A hippogriff (D:8)
  4 vampire mosquitoes (D:14)
  2 wargs (D:8)
  A mottled dragon (D:12)
  2 soldier ants (D:11)
  11 orc warriors
  2 phantoms
  6 ice beasts
  An eye of draining (D:13)
  8 ogres
  3 sky beasts
  3 necrophages
  A black bear (D:7)
  5 wolves (IceCv)
  16 centaurs
  A crocodile (D:13)
  16 big kobolds
  A gnoll sergeant (D:8)
  4 giant frogs
  A water moccasin skeleton (D:10)
  6 scorpions
  2 wyvern skeletons
  30 killer bees
  12 wights
  5 electric eels
  3 howler monkeys
  5 crimson imps
  A quasit (D:12)
  4 hounds
  5 jellies
  15 orc priests
  A giant frog skeleton (D:11)
  4 iguanas
  8 worker ants
  14 orc wizards
  2 killer bee zombies
  A hound skeleton (D:5)
  3 worker ant zombies
  4 gnolls (D:8)
  14 adders
  4 shadow imps
  3 oozes
  An adder zombie (D:6)
  An adder skeleton (D:5)
  3 worms
  9 giant geckos
  71 orcs
  6 bats
  12 giant cockroaches
  6 goblins
  3 hobgoblins (D:3)
  9 jackals
  47 kobolds
  3 quokkas
  A ball python (D:2)
  8 giant newts
  12 rats
  5 butterflies
543 creatures vanquished.

Notes
Turn   | Place    | Note
--------------------------------------------------------------
     0 | D:1      | beastlywrath the Troll Fighter began the quest for the Orb.
     0 | D:1      | Reached XP level 1. HP: 22/22 MP: 0/0
   141 | D:1      | Reached XP level 2. HP: 29/29 MP: 1/1
   671 | D:1      | Reached XP level 3. HP: 36/36 MP: 2/2
   973 | D:1      | Gained mutation: Your mind is acute. (Int +2) [potion of beneficial mutation]
  1166 | D:2      | Reached XP level 4. HP: 37/44 MP: 3/3
  1770 | D:3      | Reached skill level 3 in Unarmed Combat
  1770 | D:3      | Reached XP level 5. HP: 31/53 MP: 4/4
  2345 | D:3      | Gained mutation: You have large cloven feet. [potion of mutation]
  2345 | D:3      | Gained mutation: You are partially covered in slimy green scales (AC +2). [potion of mutation]
  2358 | D:4      | Noticed an ogre
  2366 | D:4      | Killed an ogre
  2366 | D:4      | Reached XP level 6. HP: 33/61 MP: 5/5
  2453 | D:4      | Gained mutation: You are surrounded by a mild repulsion field (EV +2). [potion of beneficial mutation]
  2632 | D:4      | Reached skill level 4 in Unarmed Combat
  2672 | D:4      | Found a basalt altar of Yredelemnul.
  2672 | D:4      | Found a stormy altar of Qazlal.
  2672 | D:4      | Found an oddly glowing altar of Pakellas.
  2672 | D:4      | Found a white marble altar of Elyvilon.
  2674 | D:4      | Found an ancient bone altar of Kikubaaqudgha.
  2674 | D:4      | Found a burning altar of Makhleb.
  2675 | D:4      | Found a sacrificial altar of Ru.
  2709 | D:4      | Became a worshipper of Qazlal Stormbringer
  2845 | D:4      | Reached XP level 7. HP: 62/70 MP: 6/6
  3263 | D:5      | Entered Level 5 of the Dungeon
  3278 | D:5      | Reached skill level 5 in Unarmed Combat
  3492 | D:5      | Reached skill level 5 in Fighting
  3544 | D:5      | Found a deep blue altar of Sif Muna.
  3554 | D:5      | Reached XP level 8. HP: 80/80 MP: 7/7
  3730 | D:5      | Found a glowing golden altar of the Shining One.
  3807 | D:5      | Found a blossoming altar of Fedhas.
  4009 | D:5      | Found Avvaitt's Distillery.
  4061 | D:5      | Bought a potion of lignification for 33 gold pieces
  4061 | D:5      | Bought a potion of lignification for 33 gold pieces
  4061 | D:5      | Bought a potion of heal wounds for 55 gold pieces
  4061 | D:5      | Bought a potion of lignification for 33 gold pieces
  4193 | D:6      | Reached skill level 6 in Unarmed Combat
  4284 | D:6      | Found a staircase to the Ecumenical Temple.
  4629 | D:6      | Reached * piety under Qazlal
  5466 | D:7      | Reached XP level 9. HP: 89/89 MP: 8/8
  5496 | D:7      | Reached skill level 7 in Unarmed Combat
  5840 | D:7      | Reached skill level 5 in Dodging
  5886 | D:7      | Reached ** piety under Qazlal
  5891 | D:7      | Reached skill level 5 in Shields
  6120 | D:7      | Reached skill level 8 in Unarmed Combat
  6435 | D:8      | Reached XP level 10. HP: 102/102 MP: 9/9
  6534 | D:8      | Reached *** piety under Qazlal
  6686 | D:8      | Gained mutation: Your body sometimes deteriorates upon taking damage. [potion of mutation]
  6686 | D:8      | Gained mutation: Your mind is very acute. (Int +4) [potion of mutation]
  6712 | D:8      | Found a staircase to the Lair.
  6742 | D:8      | Reached skill level 9 in Unarmed Combat
  6876 | D:8      | Reached **** piety under Qazlal
  7082 | D:8      | Gained mutation: You are mostly covered in slimy green scales (AC +3). [potion of mutation]
  7082 | D:8      | Gained mutation: You possess an exceptional clarity of mind. [potion of mutation]
  7631 | D:9      | Reached skill level 10 in Unarmed Combat
  7791 | D:9      | Reached XP level 11. HP: 112/113 MP: 10/10
  8131 | D:10     | Entered Level 10 of the Dungeon
  8178 | D:10     | Reached ***** piety under Qazlal
  8242 | D:10     | Noticed babuloseo's ghost (novice GrFi)
  8260 | D:10     | Killed babuloseo's ghost
  8577 | D:10     | Paralysed by an orc priest for 7 turns
  9099 | D:11     | Noticed a hill giant
  9114 | D:11     | Killed a hill giant
  9198 | D:11     | Noticed a deep elf mage
  9235 | D:11     | Killed a deep elf mage
  9304 | D:11     | Noticed a hill giant
  9320 | D:11     | Killed a hill giant
  9365 | D:11     | Found a runed door.
  9368 | D:11     | Found a runed door.
  9456 | D:11     | Noticed Snorg
  9467 | D:11     | Killed Snorg
  9467 | D:11     | Reached skill level 11 in Unarmed Combat
  9698 | D:11     | Found a shimmering altar of Xom.
  9810 | D:11     | Found a roughly hewn altar of Beogh.
  9810 | D:11     | Found a staircase to the Orcish Mines.
 10240 | D:12     | Found a labyrinth entrance.
 10257 | D:12     | Reached skill level 10 in Fighting
 10280 | Lab      | Entered a labyrinth
 11087 | Lab      | Noticed a minotaur
 11095 | Lab      | Identified the Tome of the Harmful Frostbite
 11095 | Lab      | Identified Fomozxam's Almanac of Battle Magic and Envenoming
 11134 | D:12     | Noticed Erolcha
 11138 | D:12     | Noticed Urug
 11146 | D:12     | Killed Erolcha
 11149 | D:12     | Reached XP level 12. HP: 92/126 MP: 11/11
 11157 | D:12     | Killed Urug
 11217 | D:12     | Found a gateway to a bazaar.
 11247 | D:12     | Noticed Kirke
 11254 | D:12     | Noticed a sphinx
 11323 | D:12     | HP: 6/127 [orc/short sword (4)]
 11363 | D:12     | Killed Kirke
 11363 | D:12     | Reached skill level 12 in Unarmed Combat
 11747 | D:12     | Found an iron altar of Okawaru.
 11868 | Bazaar   | Entered a bazaar
 11888 | Bazaar   | Found Gonezop's Magic Scroll Emporium.
 11903 | Bazaar   | Found Fisyulin's Weapon Emporium.
 11918 | Bazaar   | Found Luuriugh's Assorted Antiques.
 11918 | Bazaar   | Found Gobbuboe's Antique Armour Shoppe.
 12032 | D:13     | Noticed kqf521's ghost (journeyman HOFi)
 12176 | D:13     | Killed kqf521's ghost
 12187 | D:13     | Reached ****** piety under Qazlal
 12346 | D:13     | Noticed a tengu warrior
 12368 | D:13     | Noticed an ettin
 12375 | D:13     | Killed a tengu warrior
 12387 | D:13     | Killed an ettin
 12442 | D:13     | Reached XP level 13. HP: 115/137 MP: 12/12
 12783 | D:13     | Found a gate to the Vaults.
 13048 | D:14     | Reached skill level 13 in Unarmed Combat
 13097 | D:14     | HP: 5/137 [efreet/fireball (19)]
 13181 | D:14     | Reached skill level 1 in Evocations
 13183 | D:14     | HP: 5/137 [skeletal warrior/dire flail[a skeletal warrior] (15)]
 13213 | D:14     | HP: 4/137 [cyclops/large rock (23)]
 13226 | D:14     | HP: 2/137 [manticore (11)]
 13587 | D:14     | Found a frozen archway.
 13593 | IceCv    | Entered an ice cave
 13995 | IceCv    | Noticed a frost giant
 14010 | IceCv    | Killed a frost giant
 14197 | IceCv    | Drowned

Skill      XL: |  1  2  3  4  5  6  7  8  9 10 11 12 13 |
---------------+----------------------------------------+-----
Shields        | 3 4 5 6 7 8 9 |  9.0
Fighting       | 3 4 5 6 7 8 10 11 12 | 12.0
Dodging        | 3 4 5 6 7 8 |  8.7
Unarmed Combat | 3 4 5 6 8 10 11 12 13 | 13.8
Evocations     | 2 |  2.3

Action                   |  1- 3 |  4- 6 |  7- 9 | 10-12 | 13-15 || total
-------------------------+-------+-------+-------+-------+-------++-------
Melee: Unarmed           |   108 |   171 |   339 |   918 |   327 ||  1863
       Kick              |       |    11 |   100 |   248 |   129 ||   488
 Abil: Evoke Flight      |       |       |       |     2 |     1 ||     3
Evoke: Wand              |       |       |       |       |     2 ||     2
       Disc of storms    |       |       |       |       |     1 ||     1
  Use: Potion            |     3 |     4 |     2 |    18 |     2 ||    29
       Scroll            |     3 |     3 |     9 |     9 |     3 ||    27
 Stab: Sleeping          |       |     1 |       |       |       ||     1
  Eat: Chunk             |    16 |    17 |    33 |    45 |    24 ||   135
       Bread ration      |       |       |       |     1 |       ||     1
Armor: Robe              |    52 |    42 |    68 |    94 |   103 ||   359
       Skin              |       |       |       |    28 |       ||    28
Dodge: Dodged            |    33 |    46 |    86 |   231 |   144 ||   540
       Deflected         |       |       |       |     4 |    18 ||    22
Block: Shield            |    47 |    65 |     1 |       |       ||   113
       Large shield      |       |       |   254 |   936 |   559 ||  1749
       Other             |       |       |       |     9 |       ||     9
